 Dungeon Crawl Stone Soup version 0.31-a0-662-g684573625c (webtiles) character file.

Game seed: 4683410364975993733

1673640 EnegeticOcto the Hawkeye (level 24, 256/256 HPs)
             Began as a Troll Ice Elementalist on Sept 1, 2023.
             Was an Initiate of Gozag.
             Escaped with the Orb
             ... and 3 runes!
             The game lasted 02:01:17 (63986 turns).

EnegeticOcto the Hawkeye (Troll Ice Elementalist)  Turns: 63986, Time: 02:01:17

Health: 256/256    AC: 33    Str: 27    XL:     24   Next: 53%
Magic:  23/23      EV: 16    Int: 11    God:    Gozag
Gold:   16615      SH: 23    Dex: 16    Spells: 19/25 levels left

rFire   + . .        a - +2 broad axe "Duxab" {venom, rElec rC+ Will+}
rCold   + + .        S - +5 tower shield {AC+3}
rNeg    + . .        F - +10 pearl dragon scales
rPois   +            E - +2 hood of the Assassin {Detect Stab+ Stlth++}
rElec   +            z - scarf {rC+ rF+}
rCorr   .            (gloves unavailable)
SInv    .            (boots unavailable)
Will    ++...        s - amulet of regeneration
Stlth   +            n - ring "Guppyfiy" {EV+5 Str+2}
HPRegen 2.22/turn    Z - +4 ring of slaying
MPRegen 0.18/turn

%: clarity
@: no status effects
A: large, unfitting armour, claws 3, regeneration 1, shaggy fur 1, tough skin 1,
talons 1, clarity, poison resistance, evolution 1, subdued magic 1
0: Orb of Zot
}: 3/15 runes: decaying, serpentine, silver
a: Renounce Religion, Potion Petition, Call Merchant, Bribe Branch


You escaped.
You worshipped Gozag.
Gozag was extremely pleased with you.
You visited 9 branches of the dungeon, and saw 47 of its levels.
You visited 1 bazaar.
You also visited: Sewer, Bailey, Ice Cave and Wizlab.

You collected 31168 gold pieces.
You spent 4218 gold pieces at shops.
You paid 10335 gold pieces to Gozag.

Inventory:

Hand Weapons
 a - the +2 broad axe "Duxab" (weapon) {venom, rElec rC+ Will+}
   (You took it off a deep elf high priest on level 3 of the Elven Halls)

   rC+:       It protects you from cold.
   rElec:     It insulates you from electricity.
   Will+:     It increases your willpower.
 H - the +5 sling of Terra Nullius {freeze, +Blink Str+2 SInv Stlth+}
   (You found it on level 9 of the Dungeon)

   Str+2:     It affects your strength (+2).
   SInv:      It lets you see invisible.
   +Blink:    It lets you blink.
   Stlth+:    It makes you more stealthy.
Missiles
 o - 13 boomerangs (quivered)
 t - 3 throwing nets {!f}
 y - 6 silver javelins
 C - 9 darts of dispersal
 J - 18 curare-tipped darts
 N - 8 javelins
 P - 75 large rocks
Armour
 z - a scarf of resistance (worn)
   (You found it in an ice cave)
 E - the +2 hood of the Assassin (worn) {Detect Stab+ Stlth++}
   (You found it in a bailey)

   Detect:    It allows the wearer to sense nearby creatures.
   Stab+:     It allows the wearer to make particularly effective stabbing
   attacks against helpless or unaware enemies with any weapon.
   Stlth++:   It makes you much more stealthy.
 F - +10 pearl dragon scales (worn)
   (You bought it in a shop on level 1 of the Dungeon)
 S - a +5 tower shield of protection (worn)
   (You took it off a naga warrior on level 4 of the Snake Pit)
Jewellery
 n - the ring "Guppyfiy" (left claw) {EV+5 Str+2}
   (You found it on level 5 of the Vaults)

   [ring of evasion]

   EV+5:      It affects your evasion (+5).
   Str+2:     It affects your strength (+2).
 s - an amulet of regeneration (around neck)
   (You found it on level 3 of the Lair of Beasts)
 M - the ring of the Mage {Wiz Archmagi}
   (You took it off a deep elf high priest on level 5 of the Vaults)

   [ring of wizardry]

   Wiz:       It improves your spell success rate.
   Archmagi:  It increases the power of your magical spells.
 Z - a +4 ring of slaying (right claw)
   (You took it off a deep elf death mage on level 3 of the Elven Halls)
Wands
 u - a wand of flame (108) {@v4}
   (You took it off Natasha on level 4 of the Dungeon)
 x - a wand of digging (7) {@v3}
   (You found it on level 3 of the Swamp)
 D - a wand of paralysis (55)
   (You found it in an ice cave)
 G - a wand of iceblast (20) {@v2}
   (You found it on level 4 of the Lair of Beasts)
 Q - a wand of acid (25) {@v1}
   (You found it on level 12 of the Dungeon)
 V - a wand of polymorph (23)
   (You found it on level 2 of the Snake Pit)
 Y - a wand of mindburst (17)
   (You found it on level 2 of the Elven Halls)
Scrolls
 f - 5 scrolls of teleportation {@r3 !r}
 i - 6 scrolls of blinking {@r4}
 k - 3 scrolls of fog {!r}
 v - a scroll of torment
 w - 5 scrolls of vulnerability
 A - 5 scrolls of poison
 I - a scroll of revelation {@r5 !r}
 K - 3 scrolls of fear {!r}
 L - 2 scrolls of immolation
 W - 3 scrolls of silence {!r}
Potions
 b - 7 potions of magic
 c - 5 potions of might {@q3 !q}
 d - 5 potions of haste {@q4 !q}
 h - 12 potions of curing {@q1 !q}
 j - 7 potions of lignification {@q6}
 l - 4 potions of attraction
 m - 4 potions of resistance
 p - 2 potions of ambrosia
 q - 5 potions of cancellation
 r - 2 potions of invisibility
 B - 5 potions of berserk rage
 O - 9 potions of heal wounds {@q2 !q}
 U - 4 potions of mutation
 X - 7 potions of enlightenment
Miscellaneous
 e - a condenser vane
   (You found it on level 5 of the Vaults)
 g - a box of beasts
   (You found it on level 1 of the Vaults)
 R - a lightning rod (4/4)
   (You found it on level 15 of the Dungeon)
 T - a phial of floods
   (You found it on level 1 of the Snake Pit)


   Skills:
 - Level 18.0 Fighting
 + Level 23.8 Throwing
 + Level 15.1 Armour
 - Level 10.0 Dodging
 - Level 2.0 Stealth
 + Level 13.6 Shields
 - Level 16.0 Unarmed Combat
 - Level 1.2 Spellcasting
 - Level 2.9 Ice Magic
 - Level 7.0 Evocations


You had 19 spell levels left.
You knew the following spells:

 Your Spells              Type           Power      Damage    Failure   Level
b - Ozocubu's Armour      Ice            5%         N/A       77%         3
c - Frozen Ramparts       Ice            10%        1d2       77%         3

Your spell library contained the following spells:

 Spells                   Type           Power      Damage    Failure   Level
 Freeze                   Ice            20%        1d4       36%         1
 Ensorcelled Hibernation  Hex/Ice        6%         N/A       73%         2
 Foxfire                  Conj/Fire      0%         2x1d4     80%         1
 Magic Dart               Conj           0%         1d3       80%         1
 Necrotise                Necr           0%         1d4       80%         1
 Shock                    Conj/Air       0%         1d3       80%         1
 Summon Small Mammal      Summ           0%         N/A       80%         1
 Blink                    Tloc           0%         N/A       91%         2
 Lesser Beckoning         Tloc           0%         N/A       91%         2
 Momentum Strike          Conj/Tloc      0%         3d8       91%         2
 Passwall                 Tmut/Erth      0%         N/A       91%         2
 Searing Ray              Conj           0%         2d4       91%         2
 Sublimation of Blood     Necr           0%         N/A       91%         2
 Wereblood                Tmut           0%         N/A       91%         2
 Hailstorm                Conj/Ice       3%         3d3       92%         3
 Call Canine Familiar     Summ           0%         N/A       99%         3
 Dazzling Flash           Conj/Hex       0%         N/A       99%         3
 Gell's Gravitas          Tloc           0%         N/A       99%         3
 Inner Flame              Hex/Fire       0%         N/A       99%         3
 Portal Projectile        Hex/Tloc       0%         N/A       99%         3
 Stone Arrow              Conj/Erth      0%         3d7       99%         3
 Summon Guardian Golem    Hex/Summ       0%         N/A       99%         3
 Swiftness                Air            0%         N/A       99%         3
 Teleport Other           Tloc           0%         N/A       99%         3
 Tukima's Dance           Hex            0%         N/A       99%         3
 Vampiric Draining        Necr           0%         2d6       99%         3
 Volatile Blastmotes      Fire/Tloc      0%         2d10      99%         3
 Airstrike                Air            0%         2d(0-16)  100%        4
 Animate Armour           Summ/Erth      0%         N/A       100%        4
 Flame Wave               Conj/Fire      0%         2d4       100%        4
 Fulminant Prism          Conj/Hex       0%         3d5       100%        4
 Iskenderun's Mystic Bla  Conj/Tloc      0%         2d3       100%        4
 Leda's Liquefaction      Hex/Erth       0%         N/A       100%        4
 Manifold Assault         Tloc           0%         N/A       100%        4
 Passage of Golubria      Tloc           0%         N/A       100%        4
 Sticky Flame             Conj/Fire      0%         2d3       100%        4
 Summon Ice Beast         Ice/Summ       3%         N/A       100%        4
 Summon Lightning Spire   Summ/Air       0%         N/A       100%        4
 Vhi's Electric Charge    Tloc/Air       0%         N/A       100%        4
 Agony                    Necr           0%         N/A       100%        5
 Alistair's Intoxication  Tmut/Pois      0%         N/A       100%        5
 Arcjolt                  Conj/Air       0%         1d10      100%        5
 Borgnjor's Vile Clutch   Necr/Erth      0%         N/A       100%        5
 Fireball                 Conj/Fire      0%         3d3       100%        5
 Freezing Cloud           Conj/Ice/Air   1%         6-21      100%        5
 Irradiate                Conj/Tmut      0%         3d11      100%        5
 Iskenderun's Battlesphe  Conj           0%         2d6       100%        5
 Lee's Rapid Deconstruct  Erth           0%         3d4*      100%        5
 Metabolic Englaciation   Hex/Ice        1%         N/A       100%        5
 Summon Forest            Summ/Tloc      0%         N/A       100%        5
 Summon Mana Viper        Hex/Summ       0%         N/A       100%        5
 Yara's Violent Unravell  Hex/Tmut       0%         3d3       100%        5
 Conjure Ball Lightning   Conj/Air       0%         3x3d6     100%        6
 Death Channel            Necr           0%         N/A       100%        6
 Dispersal                Tloc           0%         N/A       100%        6
 Eringya's Noxious Bog    Tmut/Pois      0%         4d6       100%        6
 Leda's Unmaking          Conj/Erth      0%         9d1       100%        6
 Plasma Beam              Fire/Air       0%         2x1d10    100%        6
 Starburst                Conj/Fire      0%         6d3       100%        6
 Summon Cactus Giant      Summ           0%         N/A       100%        6
 Orb of Destruction       Conj           0%         9d5       100%        7
 Spellforged Servitor     Conj/Summ      0%         N/A       100%        7
 Maxwell's Capacitive Co  Air            0%         ∞         100%        8
 Animate Dead             Necr           Unusable   N/A       N/A         4
 Simulacrum               Ice/Necr       Unusable   N/A       N/A         6

Dungeon Overview and Level Annotations

Branches:
Dungeon (15/15)            Temple (0/1) D:7            Lair (5/5) D:8
  Swamp (4/4) Lair:3        Snake (4/4) Lair:3        Slime (0/5) Lair:4
    Orc (2/2) D:11            Elf (3/3) Orc:2        Vaults (5/5) D:14
  Crypt (0/3) Vaults:2     Depths (4/4) D:15            Zot (5/5) Depths:4
  Sewer (visited)          Bailey (visited)           IceCv (visited)
 WizLab (visited)

Altars:
Ashenzari
Dithmenos
Fedhas
Gozag
Makhleb
Okawaru
Sif Muna
Yredelemnul
Zin

Shops:
D:1 [   D:8 (   D:10 ?   Orc:2 ((?*[:   Elf:2 [((   Snake:3 :   Snake:4 *
Vaults:2 ((!(   Depths:4 !*

Portals:
Hell: Depths:1 Depths:2 Depths:3 Depths:4
Abyss: Depths:3 Depths:4
Pandemonium: Depths:2 Depths:4
Ziggurat: Depths:1
Trove: D:10 (give +5 fire dragon scales)

Annotations:
D:4 1 runed translucent door, exclusion: door, paps's ghost, novice OpSh
D:5 exclusions: steam dragon and worm
D:9 6 transporters
D:12 exclusion: 2 statues
D:14 1 runed translucent door, exclusion: door, Couluus's ghost, journeyman MiBe
Lair:4 exclusion: 2 oklob plants
Swamp:1 2 transporters, exclusion: orange crystal statue
Swamp:2 Roxanne
Snake:3 1 runed translucent door, exclusion: door, wamuu's ghost, adept MiHu
Elf:1 2 runed translucent doors, exclusion: 2 doors, Opifex's ghost, adept DjAE
Elf:2 3 runed translucent doors, exclusion: door
Vaults:3 3 runed translucent doors, exclusion: 3 doors, Bidatih's ghost, adept MiBe
Vaults:5 Xtahua


Innate Abilities, Weirdness & Mutations

You are too large for most types of armour.
You have claws for hands.
Your natural rate of healing is unusually fast.
You are covered in fur. (AC +1)
You have tough skin. (AC +1)
You have sharp toenails.
You possess an exceptional clarity of mind.
Your system is resistant to poisons. (rPois)
You have hidden genetic potential.
Your spells are a little easier to cast, but a little less powerful.


Message History

(V) Vaults (C) Crypt (U) Depths (H) Hell (Z) Zot
Where to? (Tab/Enter - D:1 @ (x,y), ? - help)
You now have 16597 gold pieces (gained 16).
There is a stone staircase leading up here.
You climb upwards.
Level annotation: exclusions: steam dragon and worm
There is a stone staircase leading down here.
There is a stone staircase leading up here.
You climb upwards.
Level annotation: 1 runed translucent door, exclusion: door, paps's ghost, novice OpSh
There is a stone staircase leading down here.
There is an open door here.
There is a stone staircase leading up here.
You climb upwards.
There is a stone staircase leading down here.
An Orb Guardian comes into view.
Throw: 13 boomerangs
Press: ? - help, Q - select action, (/) - cycle Shift-Dir - straight line, f - Orb Guardian
Aim: an Orb Guardian (71% to hit)
You throw a boomerang.
The boomerang completely misses the Orb Guardian.
Throw: 13 boomerangs
Press: ? - help, Q - select action, (/) - cycle Shift-Dir - straight line, f/p - Orb Guardian
Aim: an Orb Guardian (71% to hit)
You throw a boomerang. The boomerang hits the Orb Guardian!
The Orb Guardian is lightly wounded.
Throw: 13 boomerangs
Press: ? - help, Q - select action, (/) - cycle Shift-Dir - straight line, f/p - Orb Guardian
Aim: an Orb Guardian (lightly wounded, 71% to hit)
You throw a boomerang. The boomerang hits the Orb Guardian.
The Orb Guardian is lightly wounded.
Throw: 13 boomerangs
Press: ? - help, Q - select action, (/) - cycle Shift-Dir - straight line, f/p - Orb Guardian
Aim: an Orb Guardian (lightly wounded, 71% to hit)
You throw a boomerang. The boomerang hits the Orb Guardian!!!
The Orb Guardian is severely wounded.
Throw: 13 boomerangs
Press: ? - help, Q - select action, (/) - cycle Shift-Dir - straight line, f/p - Orb Guardian
Aim: an Orb Guardian (severely wounded, 71% to hit)
You throw a boomerang. The boomerang hits the Orb Guardian!
The Orb Guardian is almost dead.
Throw: 13 boomerangs
Press: ? - help, Q - select action, (/) - cycle Shift-Dir - straight line, f/p - Orb Guardian
Aim: an Orb Guardian (almost dead, 71% to hit)
You throw a boomerang. The boomerang hits the Orb Guardian!!
You kill the Orb Guardian!
(D) Dungeon (T) Temple (L) Lair (S) Swamp (P) Snake Pit (M) Slime Pits (O) Orcish Mines (E) Elven Halls (V) Vaults (C) Crypt (U) Depths (H) Hell (Z) Zot
Where to? (Tab/Enter - D:1 @ (x,y), ? - help)
You see here a +0 dagger.
There is a stone staircase leading up here.
You climb upwards.
There is a stone staircase leading down here.
A balrug and a sun demon come into view.
The balrug moves out of view.
The sun demon moves out of view.
There is a stone staircase leading up here.
(D) Dungeon (T) Temple (L) Lair (S) Swamp (P) Snake Pit (M) Slime Pits (O) Orcish Mines (E) Elven Halls (V) Vaults (C) Crypt (U) Depths (H) Hell (Z) Zot
Where to? (Tab/Enter - D:1 @ (x,y), ? - help)
You climb upwards.
There is a stone staircase leading down here.
There is an entrance to Wenke's Armour Emporium here.
You see here a +0 robe.
An Executioner comes into view.
Throw: 13 boomerangs
Press: ? - help, Q - select action, (/) - cycle Shift-Dir - straight line, f - Executioner
Aim: an Executioner (67% to hit)
You throw a boomerang.
The boomerang closely misses the Executioner.
Throw: 13 boomerangs
Press: ? - help, Q - select action, (/) - cycle Shift-Dir - straight line, f/p - Executioner
Aim: an Executioner (67% to hit)
You throw a boomerang. The boomerang hits the Executioner!!!
The Executioner is severely wounded.
The Executioner gestures.
The Executioner seems to speed up.
Throw: 13 boomerangs
Press: ? - help, Q - select action, (/) - cycle Shift-Dir - straight line, f/p - Executioner
Aim: an Executioner (severely wounded, fast, 67% to hit)
You throw a boomerang. The boomerang hits the Executioner!!!
You kill the Executioner!
Throw: 13 boomerangs
Press: ? - help, Q - select action, (/) - cycle Shift-Dir - straight line, f - you Really target yourself?
Okay, then.
(D) Dungeon (T) Temple (L) Lair (S) Swamp (P) Snake Pit (M) Slime Pits (O) Orcish Mines (E) Elven Halls (V) Vaults (C) Crypt (U) Depths (H) Hell (Z) Zot
Where to? (Tab/Enter - D:1 @ (x,y), ? - help)
You now have 16615 gold pieces (gained 18).
You sense a monster nearby.
There is an escape hatch in the floor here.
There is a staircase leading out of the dungeon here.
You have escaped!

#####..................#
##.#####.#.####..### #.#
#.#.## #..# #.#
#....###..# #{#
#..(......# #.#
##...####.# #.# ##.##
#.# ##.#############.#
#..........>@#...#
#..###############
#####..# #.#
.......#######.#
####...........#
#..########## #..# #..#
#..#


There were no monsters in sight!

Vanquished Creatures
  Mara (Vaults:3)
  2 juggernauts (Depths:2)
  Vv (Depths:3)
  the Lernaean hydra (Swamp:4)
  2 caustic shrikes
  Vashnia (Snake:4)
  A curse toe (Zot:4)
  Nikola (Vaults:3)
  4 golden dragons
  An electric golem (Zot:5)
  A moon troll (WizLab)
  4 tentacled monstrosities
  Rupert (Orc:2)
  3 Orb Guardians
  A lich (Vaults:2)
  2 titans
  An Ice Fiend (IceCv)
  2 deep elf blademasters (Elf:3)
  2 quicksilver dragons
  A walking divine tome (Depths:4)
  2 deep elf master archers (Elf:3)
  3 sphinxes
  A death cob (Zot:4)
  6 shadow dragons
  An Executioner (D:1)
  11 tentacled starspawn (WizLab)
  3 storm dragons
  Frances (Swamp:2)
  4 tengu reavers
  A revenant (Vaults:3)
  A draconian monk (Zot:2)
  6 nagarajas (Snake:4)
  Aizul (Snake:2)
  Donald (Swamp:3)
  2 fenstrider witches
  5 fire giants
  3 draconian knights
  6 deep elf sorcerers
  12 frost giants
  21 vault wardens
  An iron dragon (Depths:2)
  Louise (Snake:4)
  6 deep elf elementalists (Elf:3)
  A cacodemon (WizLab)
  A draconian stormcaller (Zot:4)
  2 draconian annihilators
  4 orc warlords
  2 balrugs
  4 war gargoyles
  2 spriggan defenders
  23 stone giants
  15 ironbound preservers
  5 ironbound thunderhulks
  4 green draconians
  A vampire knight (Depths:4)
  21 very ugly things
  4 deep elf demonologists
  7 red draconians
  A yellow draconian (Depths:4)
  7 eleionomae
  8 spark wasps
  6 black draconians
  5 bunyips
  4 purple draconians
  6 deep elf annihilators (Elf:3)
  5 white draconians
  2 crystal guardians
  5 dire elephants
  13 ettins
  9 deep elf death magi
  A jiangshi (Depths:2)
  5 fire dragons
  A green death (D:6)
  The ghost of Enofa the Cruncher, a journeyman DsGl of Fedhas (Lair:3)
  Snorg (D:11)
  3 entropy weavers
  Fannar (D:11)
  8 deep elf high priests
  2 salamander tyrants
  12 great orbs of eyes
  28 vault guards
  3 peacekeepers
  8 rakshasas
  Harold (D:11)
  2 death knights (Vaults:2)
  21 hydras
  14 yaktaur captains
  A hell beast (D:11)
  11 ice dragons
  5 spriggan air magi
  A ghost crab (Swamp:2)
  10 ironbound frosthearts
  A radroach (shapeshifter) (Vaults:5)
  An ogre mage (Vaults:1)
  8 alligators
  A catoblepas (Lair:5)
  A merfolk avatar (Lair:5)
  5 boulder beetles
  13 anacondas
  5 centaur warriors
  4 deep troll shamans
  15 naga warriors
  3 two-headed ogres
  15 dancing weapons
  A vampire mage (Depths:1)
  9 deep troll earth magi
  11 spriggan berserkers
  8 tengu warriors
  12 naga sharpshooters
  9 shock serpents
  3 hell hogs (Depths:4)
  8 deep elf knights
  An orc high priest (Elf:1)
  5 soul eaters (Depths:4)
  9 hell knights
  Nergalle (Lair:1)
  3 sun demons
  3 salamander mystics
  6 goliath frogs
  2 skysharks
  2 shadow wraiths
  9 spriggan druids
  11 naga ritualists
  5 iron trolls
  3 orange crystal statues
  42 deep trolls
  A death drake (Swamp:1)
  2 sea snakes (Lair:5)
  3 lindwurms (Vaults:1)
  5 spriggan simulacra (IceCv)
  A deep troll (shapeshifter) (Vaults:5)
  12 wizards
  14 bog bodies
  7 deep elf archers
  13 glowing orange brains
  24 ironbound convokers
  8 swamp dragons
  2 flayed ghosts
  Pikel (D:5)
  A phantasmal warrior (Vaults:5)
  9 orc knights
  3 necromancers
  An obsidian statue (IceCv)
  A mana viper (shapeshifter) (D:15)
  8 starcursed masses (WizLab)
  18 ugly things
  24 deep elf pyromancers
  3 wolf spiders
  9 mana vipers
  8 orc sorcerers
  3 manticores
  3 cyclopes
  17 deep elf zephyrmancers
  A human zombie (Vaults:2)
  5 will-o-the-wisps
  A shining eye (shapeshifter) (Vaults:5)
  3 moths of wrath
  11 salamanders
  15 guardian serpents
  10 elephants (Lair:5)
  49 slime creatures
  16 vault sentinels
  4 eyes of devastation (WizLab)
  2 gargoyles
  A water nymph (shapeshifter) (Vaults:5)
  14 naga magi
  41 black mambas
  2 smoke demons (Depths:4)
  A human skeleton (Vaults:2)
  An unseen horror (D:12)
  Maggie (Lair:2)
  15 cane toads
  6 rime drakes
  13 ice devils
  8 freezing wraiths
  6 komodo dragons
  52 yaktaurs
  A golden dragon simulacrum (IceCv)
  3 anaconda simulacra (IceCv)
  A guardian mummy (D:10)
  A red devil (Depths:4)
  5 tengu conjurers
  An elf skeleton (Vaults:2)
  A meliai (shapeshifter) (D:13)
  11 trolls
  3 wind drakes (Lair:5)
  16 hornets
  3 polar bears
  7 tyrant leeches
  3 bloated husks
  A wind drake (shapeshifter) (Elf:1)
  A snapping turtle (Lair:5)
  5 dream sheep (Lair:4)
  3 alligator simulacra (IceCv)
  15 blink frogs
  An air elemental (Elf:3)
  An ettin skeleton (Vaults:2)
  A vampire (D:10)
  16 spriggans
  6 wyverns
  2 water elementals (Elf:3)
  38 yaks
  2 culicivoras
  A human (shapeshifter) (D:14)
  5 fire elementals
  5 wraiths
  A dire elephant simulacrum (IceCv)
  2 basilisks
  2 steam dragons
  6 minotaur simulacra (IceCv)
  16 vampire mosquitoes
  5 redbacks
  37 nagas
  4 wargs
  Menkaure (D:7)
  A harpy simulacrum (IceCv)
  13 swamp worms
  2 acid dragons
  A floating eye (shapeshifter) (Vaults:5)
  15 water moccasins
  9 swamp drakes
  An ogre skeleton (Vaults:2)
  28 orc warriors
  2 ice beasts
  An ettin simulacrum (IceCv)
  2 black bears
  5 sky beasts
  11 ogres
  4 wolves (Lair:2)
  2 lemures (D:5)
  8 centaurs
  7 kobold brigands
  12 bullfrogs
  A gnoll sergeant (D:7)
  2 earth elementals
  6 scorpions
  10 deep troll simulacra (IceCv)
  11 wights
  15 killer bees
  2 lindwurm simulacra (IceCv)
  7 vampire bats (Bailey)
  An electric eel (Elf:2)
  7 wolf zombies (Bailey)
  A howler monkey (D:6)
  A jelly (D:5)
  2 hounds (D:5)
  20 orc priests
  A gnoll bouda (D:7)
  Natasha (thrice) (D:4)
  A sleepcap (D:7)
  4 iguanas
  25 orc wizards
  6 hell rats (Lair:4)
  17 adders
  7 gnolls (D:7)
  5 river rats (Sewer)
  A shadow imp (D:5)
  2 white imps
  An ufetubus (D:5)
  2 worms
  3 dart slugs
  102 orcs
  13 ball pythons
  11 endoplasms
  5 giant cockroaches
  8 goblins
  10 hobgoblins
  4 jackals (D:3)
  5 quokkas
  2 bats
  4 frilled lizards
  42 kobolds
  11 orc zombies (Bailey)
  23 rats
  7 starspawn tentacles (WizLab)
1921 creatures vanquished.

Vanquished Creatures (collateral kills)
  A Killer Klown (Zot:5)
  A caustic shrike (Depths:2)
  A golden dragon (Zot:5)
  2 tentacled monstrosities (Zot:5)
  9 Orb Guardians (Zot:5)
  An acid blob (Zot:5)
  A shadow dragon (Zot:5)
  A fire giant (Depths:2)
  A stone giant (Depths:2)
  A spark wasp (Depths:2)
  An ettin (Depths:2)
  2 fire dragons (Depths:2)
  A jiangshi (Depths:2)
  An ogre mage (Vaults:5)
  A tengu warrior (Depths:2)
  A deep troll shaman (Depths:2)
  2 deep troll earth magi (Depths:2)
  A vampire mage (Depths:2)
  An ironbound convoker (Vaults:5)
  Psyche (D:10)
  A yaktaur (Vaults:4)
  An ogre (Orc:2)
33 creatures vanquished.

Vanquished Creatures (others)
  A dread lich (Vaults:5)
  3 Killer Klowns (Zot:5)
  A titan (Vaults:5)
  A tentacled monstrosity (Vaults:5)
  10 Orb Guardians (Zot:5)
  2 sphinxes (Vaults:5)
  2 storm dragons
  A draconian knight (Depths:4)
  2 deep elf sorcerers (Vaults:5)
  2 fire giants (Vaults:5)
  3 vault wardens (Vaults:5)
  3 ironbound preservers (Vaults:5)
  2 stone giants (Vaults:5)
  A deep elf demonologist (Vaults:5)
  A white draconian (Zot:5)
  2 ettins (Vaults:5)
  A deep elf death mage (Vaults:5)
  3 yaktaur captains (Vaults:5)
  5 vault guards (Vaults:5)
  A rakshasa (Zot:5)
  An alligator (Swamp:3)
  A dancing weapon (Elf:1)
  2 deep trolls (Vaults:5)
  A deep elf archer (Elf:1)
  A wizard (Vaults:4)
  A phantasmal warrior (Vaults:5)
  An ironbound convoker (Vaults:5)
  3 vault sentinels (Vaults:5)
  6 yaktaurs (Vaults:5)
  3 bloated husks
  An orc wizard (Orc:2)
  An orc (Orc:1)
  7 foxfires
  17 starspawn tentacles (WizLab)
93 creatures vanquished.

Grand Total: 2047 creatures vanquished

Notes
Turn   | Place    | Note
-------+----------+-------------------------------------------
     0 | D:1      | EnegeticOcto the Troll Ice Elementalist began the quest for
                  | the Orb.
     0 | D:1      | Reached XP level 1. HP: 16/16 MP: 1/1
    41 | D:1      | Found Wenke's Armour Emporium.
   190 | D:1      | Reached XP level 2. HP: 24/24 MP: 2/2
   201 | D:1      | Reached skill level 1 in Unarmed Combat
   457 | D:1      | Found a faded altar of an unknown god.
   457 | D:1      | Noticed a Brimstone Fiend
   644 | D:2      | Reached XP level 3. HP: 32/32 MP: 3/3
   719 | D:2      | Learned a level 3 spell: Ozocubu's Armour
  1137 | D:2      | Reached skill level 1 in Fighting
  1352 | D:3      | Reached skill level 2 in Unarmed Combat
  1607 | D:3      | Reached XP level 4. HP: 41/41 MP: 4/4
  2058 | D:4      | Noticed a centaur
  2065 | D:4      | Killed a centaur
  2066 | D:4      | Reached skill level 2 in Fighting
  2066 | D:4      | Reached skill level 2 in Stealth
  2066 | D:4      | Reached skill level 3 in Unarmed Combat
  2066 | D:4      | Reached XP level 5. HP: 43/49 MP: 5/5
  2099 | D:4      | Found a runed translucent door.
  2106 | D:4      | Noticed paps's ghost (novice OpSh)
  2277 | D:4      | Found a burning altar of Makhleb.
  2277 | D:4      | Found an opulent altar of Gozag.
  2281 | D:4      | Became a worshipper of Gozag Ym Sagoz the Greedy
  2395 | D:4      | Reached skill level 4 in Unarmed Combat
  2395 | D:4      | Reached XP level 6. HP: 59/59 MP: 4/6
  2604 | D:4      | Noticed Natasha
  2616 | D:4      | Reached skill level 3 in Fighting
  2627 | D:4      | Killed Natasha
  3098 | D:4      | Found a burning altar of Makhleb.
  3098 | D:4      | Found an opulent altar of Gozag.
  3122 | D:4      | Found a runed translucent door.
  3133 | D:4      | Noticed Natasha
  3141 | D:4      | Killed Natasha
  3582 | D:4      | Noticed Natasha
  3596 | D:4      | Killed Natasha
  3717 | D:5      | Entered Level 5 of the Dungeon
  3772 | D:5      | Noticed a steam dragon
  3909 | D:5      | Reached XP level 7. HP: 66/67 MP: 7/7
  4095 | D:5      | Reached skill level 5 in Unarmed Combat
  4141 | D:5      | Reached skill level 4 in Fighting
  4676 | D:5      | Noticed Pikel
  4697 | D:5      | Killed Pikel
  4698 | D:5      | Reached skill level 5 in Fighting
  4698 | D:5      | Reached skill level 6 in Unarmed Combat
  4698 | D:5      | Reached XP level 8. HP: 73/80 MP: 8/8
  5256 | D:6      | Reached skill level 7 in Unarmed Combat
  5269 | D:6      | Identified the +2 pair of gloves "Ediud" {Str+9 Int-3 Dex-5
                  | Stlth+}
  5324 | D:6      | Reached skill level 6 in Fighting
  5335 | D:5      | Learned a level 3 spell: Frozen Ramparts
  5396 | D:6      | Found a glowing drain.
  5409 | Sewer    | Entered a sewer
  6163 | D:6      | Reached skill level 8 in Unarmed Combat
  6204 | D:6      | Reached XP level 9. HP: 74/92 MP: 3/9
  6320 | D:6      | Reached skill level 1 in Throwing
  6390 | D:6      | Found a basalt altar of Yredelemnul.
  6511 | D:6      | Reached skill level 7 in Fighting
  6511 | D:6      | Reached skill level 2 in Throwing
  6770 | D:7      | Found a staircase to the Ecumenical Temple.
  6906 | D:7      | Noticed Menkaure
  6912 | D:7      | Killed Menkaure
  6913 | D:7      | Reached skill level 9 in Unarmed Combat
  6942 | D:7      | Reached skill level 3 in Throwing
  7440 | D:7      | Reached skill level 4 in Throwing
  7591 | D:7      | Reached XP level 10. HP: 89/104 MP: 8/10
  7934 | D:7      | Found a staircase to the Ecumenical Temple.
  8373 | D:7      | Reached skill level 8 in Fighting
  8599 | D:8      | Found a flagged portal.
  8606 | Bailey   | Entered a bailey
  8656 | Bailey   | Reached skill level 10 in Unarmed Combat
  8828 | Bailey   | Found the +2 hood of the Assassin {Detect Stab+ Stlth++}
  8864 | Bailey   | Noticed a gargoyle
  8899 | D:8      | Identified the +0 chain mail of Follow the Leader {rCorr
                  | Int+3}
  9016 | D:1      | Bought +2 pearl dragon scales for 1409 gold pieces
  9192 | D:8      | Found Seoth's Weapon Shoppe.
  9349 | D:8      | Found an iron altar of Okawaru.
  9350 | D:8      | Found a broken altar of Ashenzari.
  9401 | D:8      | Found a staircase to the Lair.
  9401 | D:8      | Noticed a two-headed ogre
  9987 | D:8      | Killed a two-headed ogre
 10118 | D:9      | Found a runed translucent door.
 10147 | D:9      | Found a transporter.
 10149 | D:9      | Found a transporter.
 10330 | D:9      | Reached skill level 9 in Fighting
 10408 | D:9      | Found a transporter.
 10414 | D:9      | Found a transporter.
 10436 | D:9      | Reached skill level 11 in Unarmed Combat
 10436 | D:9      | Found a transporter.
 10438 | D:9      | Found a transporter.
 10465 | D:9      | Identified the +5 sling of Terra Nullius {freeze, +Blink
                  | Str+2 SInv Stlth+}
 10641 | D:9      | Paralysed by a hornet for 1 turns
 10770 | D:9      | Found a runed translucent door.
 10885 | D:9      | Noticed a tengu warrior
 10898 | D:9      | Killed a tengu warrior
 10899 | D:9      | Reached skill level 1 in Evocations
 10988 | D:9      | Reached skill level 2 in Evocations
 10988 | D:9      | Reached XP level 11. HP: 117/117 MP: 11/11
 11000 | D:9      | Noticed a deep elf pyromancer
 11029 | D:9      | Killed a deep elf pyromancer
 11126 | D:9      | Reached skill level 10 in Fighting
 11129 | D:9      | Reached skill level 3 in Evocations
 11143 | D:9      | Identified the +6 spear of Paw Wuv {heavy, Int+5 Dex+2}
 11230 | D:10     | Entered Level 10 of the Dungeon
 11434 | D:10     | Found a shimmering blue altar of Sif Muna.
 11507 | D:10     | Found Dusoyd's Magic Scroll Shoppe.
 11515 | D:10     | Bought a scroll of blinking for 75 gold pieces
 11515 | D:10     | Bought a scroll of immolation for 40 gold pieces
 11515 | D:10     | Bought a scroll of summoning for 95 gold pieces
 11515 | D:10     | Bought a scroll of teleportation for 30 gold pieces
 11515 | D:10     | Bought a scroll of identify for 20 gold pieces
 11784 | D:9      | Reached skill level 1 in Armour
 11784 | D:9      | Reached skill level 2 in Dodging
 11890 | D:10     | Reached skill level 4 in Evocations
 11893 | D:10     | Reached skill level 2 in Armour
 11958 | D:10     | Reached skill level 3 in Dodging
 12011 | D:10     | Found a portal to a secret trove of treasure.
 12235 | D:10     | Noticed Psyche
 12241 | D:10     | Killed Psyche
 12310 | D:10     | Found a blossoming altar of Fedhas.
 12688 | Lair:1   | Entered Level 1 of the Lair of Beasts
 12753 | Lair:1   | Reached skill level 3 in Armour
 12789 | Lair:1   | Reached skill level 4 in Dodging
 12800 | Lair:1   | Reached skill level 4 in Armour
 12819 | Lair:1   | Reached skill level 5 in Throwing
 12979 | Lair:1   | Noticed Nergalle
 13006 | Lair:1   | Killed Nergalle
 13034 | Lair:1   | Reached skill level 6 in Throwing
 13081 | Lair:1   | Reached XP level 12. HP: 117/126 MP: 10/12
 13125 | Lair:1   | Reached skill level 7 in Throwing
 13215 | Lair:1   | Identified the +4 robe of Usaony {rN+ Int+3}
 13465 | Lair:1   | Reached skill level 8 in Throwing
 14088 | Lair:2   | Reached skill level 9 in Throwing
 14347 | Lair:2   | Noticed Maggie
 14358 | Lair:2   | Killed Maggie
 14874 | Lair:3   | Found a staircase to the Snake Pit.
 14954 | Lair:3   | Reached skill level 5 in Dodging
 15109 | Lair:3   | Noticed a four-headed hydra
 15151 | Lair:3   | Killed a four-headed hydra
 15290 | Lair:3   | Found a runed translucent door.
 15292 | Lair:3   | Identified the +7 trident of Gluttony {speed, rC+}
 15295 | Lair:3   | Noticed Enofa's ghost (journeyman DsGl)
 15322 | Lair:3   | Found a glowing silver altar of Zin.
 15741 | Lair:3   | Noticed a seven-headed hydra
 15750 | Lair:3   | Killed a seven-headed hydra
 15782 | Lair:3   | Found a staircase to the Swamp.
 16332 | Lair:4   | Reached XP level 13. HP: 135/135 MP: 13/13
 16594 | Lair:4   | Reached skill level 12 in Unarmed Combat
 17071 | Lair:4   | Found a staircase to the Slime Pits.
 17107 | Lair:5   | Entered Level 5 of the Lair of Beasts
 17150 | Lair:5   | Reached skill level 11 in Fighting
 17320 | Lair:5   | Paralysed by a hornet for 3 turns
 17590 | Lair:5   | Reached skill level 13 in Unarmed Combat
 17769 | Lair:5   | Reached skill level 12 in Fighting
 18080 | Lair:5   | Reached skill level 14 in Unarmed Combat
 18444 | Lair:5   | Reached skill level 5 in Armour
 18492 | Lair:5   | Identified 2 scrolls of acquirement
 18492 | Lair:5   | Acquired 516 gold pieces
 18493 | Lair:5   | Acquired 1039 gold pieces
 18736 | D:11     | Reached XP level 14. HP: 149/149 MP: 14/14
 18773 | D:11     | Noticed Fannar
 18776 | D:11     | Killed Fannar
 18808 | D:11     | Found a staircase to the Orcish Mines.
 18903 | D:11     | Reached skill level 6 in Armour
 18928 | D:11     | Noticed Snorg
 18944 | D:11     | Killed Snorg
 19075 | D:11     | Reached skill level 8 in Armour
 19075 | D:11     | Reached XP level 15. HP: 156/156 MP: 15/15
 19135 | D:11     | Noticed Harold
 19142 | D:11     | Killed Harold
 19996 | Orc:1    | Entered Level 1 of the Orcish Mines
 20346 | Orc:1    | Paralysed by an orc sorcerer for 2 turns
 20472 | Orc:1    | Reached skill level 10 in Throwing
 20614 | Orc:1    | Paralysed by an orc sorcerer for 2 turns
 20846 | Orc:2    | Entered Level 2 of the Orcish Mines
 20857 | Orc:2    | Found a staircase to the Elven Halls.
 20859 | Orc:2    | Noticed Rupert
 20876 | Orc:2    | Killed Rupert
 20996 | Orc:2    | Found Visal's Book Shoppe.
 21174 | Orc:2    | Found Aqedweu's Antique Weapon Shop.
 21437 | Orc:2    | Reached skill level 13 in Fighting
 21576 | Orc:2    | Found Heol's Antique Weapon Shoppe.
 21578 | Orc:2    | Found Rawkouko's Antique Armour Emporium.
 21932 | D:13     | Reached skill level 1 in Shields
 22275 | D:14     | Reached skill level 2 in Shields
 22571 | D:14     | Found an iron altar of Okawaru.
 22684 | D:14     | Found a runed translucent door.
 22688 | D:14     | Noticed Couluus's ghost (journeyman MiBe)
 22851 | D:14     | Reached skill level 3 in Shields
 22888 | D:14     | Found a shadowy altar of Dithmenos.
 22949 | D:14     | Reached skill level 11 in Throwing
 23127 | D:14     | Reached skill level 4 in Shields
 23171 | D:14     | Found a gate to the Vaults.
 23330 | D:15     | Entered Level 15 of the Dungeon
 23865 | D:15     | Reached XP level 16. HP: 124/170 MP: 16/16
 23916 | D:15     | Found a staircase to the Depths.
 23994 | D:15     | Reached skill level 5 in Shields
 24179 | D:15     | Acquired 809 gold pieces
 24792 | Snake:1  | Entered Level 1 of the Snake Pit
 24905 | Snake:1  | Reached skill level 6 in Shields
 25276 | Snake:1  | Reached skill level 7 in Shields
 25459 | Snake:1  | You fall into a shaft and drop 1 floor!
 25496 | Snake:2  | Noticed Aizul
 25516 | Snake:2  | Killed Aizul
 26088 | Snake:2  | Reached skill level 8 in Shields
 26137 | Snake:1  | Reached skill level 12 in Throwing
 26350 | Snake:2  | Reached skill level 14 in Fighting
 27117 | Snake:3  | Reached skill level 9 in Shields
 27142 | Snake:3  | Found a runed translucent door.
 27181 | Snake:3  | Identified the +2 robe of Cok Acusa {+Inv}
 27209 | Snake:3  | Found Fiser's Book Emporium.
 27688 | Snake:3  | Noticed wamuu's ghost (adept MiHu)
 27688 | Snake:3  | Found the +8 frozen axe "Frostbite" {freeze, freezing
                  | cloud, *Noise Fly rC+}
 28111 | Snake:4  | Entered Level 4 of the Snake Pit
 28128 | Snake:4  | Reached XP level 17. HP: 177/180 MP: 17/17
 28537 | Snake:4  | Reached skill level 10 in Shields
 28546 | Snake:4  | Found Dinoymm's General Store.
 28549 | Snake:4  | Bought a potion of invisibility for 144 gold pieces
 28670 | Snake:4  | Noticed Louise
 28692 | Snake:4  | Killed Louise
 28996 | Snake:4  | Reached skill level 13 in Throwing
 30427 | Snake:4  | Reached skill level 15 in Fighting
 30706 | Snake:4  | Noticed Vashnia
 30825 | Snake:4  | Killed Vashnia
 30930 | Snake:4  | Got a serpentine rune of Zot
 31132 | Lair:3   | Killed Enofa's ghost
 31133 | Lair:3   | Reached skill level 14 in Throwing
 31250 | Swamp:1  | Entered Level 1 of the Swamp
 31363 | Swamp:1  | Found a frozen archway.
 31380 | IceCv    | Entered an ice cave
 31949 | IceCv    | Identified the +6 whip "Zyoni" {flame, Fly rF- rC- MP+9}
 32015 | IceCv    | Noticed an Ice Fiend
 32017 | IceCv    | Killed an Ice Fiend
 32018 | IceCv    | Reached skill level 16 in Fighting
 32098 | IceCv    | Got the Compendium of Skeletons and Hoarfrost
 32343 | IceCv    | Reached skill level 6 in Dodging
 32844 | Swamp:1  | Reached skill level 5 in Evocations
 32844 | Swamp:1  | Reached XP level 18. HP: 96/196 MP: 18/18
 32917 | Swamp:1  | Found a transporter.
 32923 | Swamp:1  | Noticed a tentacled monstrosity
 32924 | Swamp:1  | Noticed a tentacled monstrosity
 32925 | Swamp:1  | Noticed a tentacled monstrosity
 32957 | Swamp:1  | Found a transporter.
 33174 | Swamp:1  | Reached skill level 9 in Armour
 33213 | Swamp:1  | You fall into a shaft and drop 1 floor!
 33223 | Swamp:2  | Noticed Frances
 33790 | Swamp:2  | Reached skill level 6 in Evocations
 33790 | Swamp:2  | Identified the +7 falchion of the Extremes {vamp, +Blink}
 33858 | Swamp:2  | Killed Frances
 33924 | Swamp:2  | Noticed Roxanne
 34216 | Swamp:3  | Noticed Donald
 34786 | Swamp:3  | Reached skill level 10 in Armour
 34926 | Swamp:3  | Reached skill level 7 in Evocations
 35305 | Swamp:3  | Killed Donald
 35574 | Swamp:4  | Entered Level 4 of the Swamp
 36113 | Swamp:4  | Reached skill level 15 in Unarmed Combat
 36921 | Swamp:4  | Noticed the 27-headed Lernaean hydra
 36925 | Swamp:4  | Killed the 27-headed Lernaean hydra
 37555 | Swamp:4  | Reached skill level 16 in Unarmed Combat
 37665 | Swamp:4  | Got a decaying rune of Zot
 38201 | Elf:1    | Entered Level 1 of the Elven Halls
 38213 | Orc:2    | Bought a wand of paralysis (7) for 218 gold pieces
 38213 | Orc:2    | Bought a wand of paralysis (6) for 187 gold pieces
 38215 | Orc:2    | Bought a scroll of teleportation for 54 gold pieces
 38215 | Orc:2    | Bought a scroll of teleportation for 54 gold pieces
 38347 | Elf:1    | Found a large runed translucent door.
 38347 | Elf:1    | Found a large runed translucent door.
 38349 | Elf:1    | Noticed Opifex's ghost (adept DjAE)
 38486 | Elf:1    | Reached XP level 19. HP: 191/204 MP: 19/19
 38512 | Elf:1    | Reached skill level 11 in Shields
 39646 | Elf:2    | Found Ojebrubu's Antique Armour Boutique.
 39646 | Elf:2    | Found Wyn Leoligom's Antique Weapon Shop.
 39647 | Elf:2    | Found Zuce's Weapon Boutique.
 40025 | Elf:2    | Reached skill level 12 in Shields
 40210 | Elf:2    | Found a runed translucent gate.
 40211 | Elf:2    | Found a runed translucent gate.
 40211 | Elf:2    | Found a runed translucent gate.
 40290 | Elf:3    | Entered Level 3 of the Elven Halls
 41601 | Elf:3    | Paralysed by an orc sorcerer for 5 turns
 41673 | Elf:3    | Reached skill level 15 in Throwing
 42982 | Elf:3    | Identified the +1 robe of Sufficient Beauty {rPois}
 43676 | Elf:3    | Identified the +8 war axe "Qineg" {venom, rElec rC+}
 43694 | Elf:3    | Identified the +7 hand axe of the Friends {flame, rElec
                  | rC+}
 43704 | Elf:3    | Identified the +6 spear of Symmetry {protect, rElec}
 43704 | Elf:3    | Identified the amulet "Kyogak" {Faith Harm Str+4 Int+6}
 43737 | Elf:3    | Reached skill level 16 in Throwing
 44084 | Elf:3    | Identified the +5 acid dragon scales of Good Intentions
                  | {rC+ rCorr Dex+3 Stlth+}
 44274 | Elf:3    | Identified the +2 broad axe "Duxab" {venom, rElec rC+
                  | Will+}
 44596 | Elf:3    | Identified the staff of the Blushing Gods {rC+ rN++ Str+3
                  | Int-5 Conj}
 44666 | Elf:3    | Got the Catalogue of Violence and Coordinates
 44934 | Vaults:1 | Entered Level 1 of the Vaults
 45637 | Vaults:1 | Reached skill level 17 in Throwing
 45794 | Vaults:1 | Reached XP level 20. HP: 213/213 MP: 20/20
 46439 | Vaults:1 | Noticed a golden dragon
 46443 | Vaults:1 | Killed a golden dragon
 46753 | Vaults:2 | Found Dinesan's Weapon Boutique.
 46760 | Vaults:2 | Bought 5 javelins for 240 gold pieces
 46853 | Vaults:2 | Acquired 875 gold pieces
 46929 | Vaults:2 | Reached skill level 18 in Throwing
 47030 | Vaults:2 | Found a staircase to the Crypt.
 47132 | Vaults:2 | Found Ditiniz's Distillery.
 47136 | Vaults:2 | Bought a potion of curing for 60 gold pieces
 47136 | Vaults:2 | Bought a potion of curing for 60 gold pieces
 47136 | Vaults:2 | Bought a potion of heal wounds for 100 gold pieces
 47136 | Vaults:2 | Bought a potion of curing for 60 gold pieces
 47136 | Vaults:2 | Bought a potion of heal wounds for 100 gold pieces
 47729 | Vaults:2 | Reached skill level 7 in Dodging
 47737 | Vaults:2 | Found Jeprir's Antique Weapon Shop.
 47756 | Vaults:2 | Found Vedankim's Weapon Emporium.
 48024 | Vaults:2 | Reached skill level 11 in Armour
 48383 | Vaults:3 | Found a flickering gateway to a bazaar.
 48392 | Bazaar   | Entered a bazaar
 48392 | Bazaar   | Found Posutaut's Assorted Antiques.
 48398 | Bazaar   | Bought 2 potions of heal wounds for 150 gold pieces
 48398 | Bazaar   | Bought a wand of flame (12) for 126 gold pieces
 48398 | Bazaar   | Bought a scroll of blinking for 112 gold pieces
 48401 | Bazaar   | Found Teunoef's Book Emporium.
 48406 | Bazaar   | Found Owis's Magic Scroll Emporium.
 48414 | Bazaar   | Bought 3 scrolls of enchant armour for 157 gold pieces
 48414 | Bazaar   | Bought a scroll of blinking for 52 gold pieces
 48414 | Bazaar   | Bought a scroll of blinking for 52 gold pieces
 48414 | Bazaar   | Bought a scroll of fear for 28 gold pieces
 48421 | Bazaar   | Found Firit's Book Shop.
 48451 | Bazaar   | Found Bopicsao's Antique Weapon Boutique.
 48508 | Vaults:3 | Reached skill level 8 in Dodging
 48810 | Vaults:3 | Noticed Mara
 48818 | Vaults:3 | Killed Mara
 49139 | Vaults:3 | Reached skill level 9 in Dodging
 49238 | Vaults:3 | Reached skill level 12 in Armour
 49255 | Vaults:3 | Reached XP level 21. HP: 222/222 MP: 21/21
 49442 | Vaults:3 | Noticed Nikola
 49459 | Vaults:3 | Killed Nikola
 49482 | Vaults:3 | Got the Grimoire of Outbursts and Tephra
 49984 | Vaults:3 | Reached skill level 10 in Dodging
 50028 | Vaults:3 | Found a runed translucent gate.
 50028 | Vaults:3 | Found a runed translucent gate.
 50028 | Vaults:3 | Found a runed translucent gate.
 50028 | Vaults:3 | Noticed Bidatih's ghost (adept MiBe)
 51100 | Vaults:4 | Reached skill level 19 in Throwing
 52196 | Depths:1 | Entered Level 1 of the Depths
 52220 | Depths:1 | Noticed a caustic shrike
 52235 | D:15     | Killed a caustic shrike
 52375 | Depths:1 | You fall into a shaft and drop 1 floor!
 52398 | Depths:2 | Reached skill level 20 in Throwing
 52403 | Depths:2 | Noticed a caustic shrike
 52403 | Depths:2 | Noticed a juggernaut
 52404 | Depths:2 | Noticed a caustic shrike
 52409 | Depths:2 | Killed a caustic shrike
 52416 | Depths:2 | Killed a caustic shrike
 52441 | Depths:2 | Killed a juggernaut
 52955 | Depths:2 | Reached XP level 22. HP: 232/232 MP: 22/22
 53021 | Depths:2 | Noticed a golden dragon
 53031 | Depths:2 | Killed a golden dragon
 53164 | Depths:2 | Noticed a juggernaut
 53183 | Depths:2 | Killed a juggernaut
 53230 | Depths:2 | Got the Tractate on the Squall
 53291 | Depths:2 | Noticed a golden dragon
 53304 | Depths:2 | Killed a golden dragon
 53305 | Depths:2 | Reached skill level 13 in Armour
 53896 | Depths:2 | Found a one-way gate leading to the halls of Pandemonium.
 54277 | Depths:2 | Found a gateway to Hell.
 54577 | Depths:2 | Reached skill level 17 in Fighting
 54787 | Depths:1 | Found a one-way gateway to a ziggurat.
 54826 | Depths:1 | Identified the +5 whip "Sesask" {heavy, rC+ rN+ Dex+5}
 55692 | Depths:3 | Noticed Vv
 55713 | Depths:3 | Killed Vv
 55943 | Depths:3 | Found a one-way gate to the infinite horrors of the Abyss.
 56035 | Depths:3 | Reached skill level 14 in Armour
 56234 | Depths:3 | Identified the +11 great sword "Huazxej" {pain, rN+ Dex+2
                  | SInv}
 56484 | Depths:4 | Entered Level 4 of the Depths
 56580 | Depths:4 | Found Souweag's Demolitions Depot.
 56588 | Depths:4 | Bought a wand of paralysis (1) for 33 gold pieces
 56588 | Depths:4 | Bought a wand of iceblast (5) for 168 gold pieces
 56588 | Depths:4 | Bought a wand of acid (2) for 117 gold pieces
 56588 | Depths:4 | Bought a scroll of immolation for 56 gold pieces
 56598 | Depths:4 | Found a magical portal.
 56606 | WizLab   | Entered Lehudib's Moon Base
 56647 | WizLab   | Reached skill level 21 in Throwing
 56666 | WizLab   | Found a transporter.
 56722 | WizLab   | Reached XP level 23. HP: 230/245 MP: 17/23
 56935 | WizLab   | Gained mutation: You have hidden genetic defects. [a
                  | cacodemon]
 57272 | WizLab   | Reached skill level 18 in Fighting
 57282 | WizLab   | Found a transporter.
 57941 | Depths:4 | Gained mutation: You occasionally lose the ability to read
                  | scrolls when taking damage. [hidden defects]
 57989 | Depths:4 | Found Nuhe's Distillery.
 57990 | Depths:4 | Lost mutation: You have hidden genetic defects. [potion of
                  | mutation]
 57990 | Depths:4 | Lost mutation: You occasionally lose the ability to read
                  | scrolls when taking damage. [potion of mutation]
 57990 | Depths:4 | Gained mutation: You have hidden genetic potential. [potion
                  | of mutation]
 57990 | Depths:4 | Gained mutation: Your spells are a little easier to cast,
                  | but a little less powerful. [potion of mutation]
 57990 | Depths:4 | Gained mutation: You possess an exceptional clarity of
                  | mind. [potion of mutation]
 58003 | Depths:4 | Bought a potion of enlightenment for 85 gold pieces
 58003 | Depths:4 | Bought a potion of curing for 51 gold pieces
 58003 | Depths:4 | Bought a potion of enlightenment for 85 gold pieces
 58059 | Depths:4 | Reached skill level 22 in Throwing
 58305 | Depths:4 | Found a gate to the Realm of Zot.
 59595 | Elf:1    | Identified the +6 war axe of the Swamp {pain, Dex+3}
 59859 | Vaults:5 | Entered Level 5 of the Vaults
 60006 | Vaults:5 | Identified the +10 mace of Fughu {holy, Will++}
 60047 | Vaults:5 | Identified the +4 orcbow "Keafay" {freeze, rElec rCorr}
 60049 | Vaults:5 | Reached skill level 23 in Throwing
 60172 | Vaults:5 | Identified the staff "Kynigofe" {rF+ Str+2 Fire}
 60196 | Vaults:5 | Identified the ring "Guppyfiy" {EV+5 Str+2}
 60264 | Vaults:5 | Noticed a dread lich
 60271 | Vaults:5 | Killed a dread lich
 60289 | Vaults:5 | Identified the +3 orcbow of Duihemm {speed, Str+2 Int+2
                  | Dex-5}
 60307 | Vaults:5 | Reached XP level 24. HP: 201/256 MP: 23/23
 60307 | Vaults:5 | Noticed Xtahua
 60787 | Vaults:5 | Found the +7 great mace "Undeadhunter" {deathbane, rN+}
 61015 | Vaults:5 | Got a silver rune of Zot
 61539 | Zot:1    | Entered Level 1 of the Realm of Zot
 62265 | Zot:4    | Reached skill level 13 in Shields
 62399 | Zot:4    | Gained mutation: You have sharp toenails. [hidden
                  | potential]
 62512 | Zot:5    | Entered Level 5 of the Realm of Zot
 63457 | Zot:5    | Noticed a Killer Klown
 63461 | Zot:5    | Noticed an ancient lich
 63473 | Zot:5    | Noticed a Killer Klown
 63474 | Zot:5    | Noticed a Killer Klown
 63474 | Zot:5    | Noticed an orb of fire
 63492 | Zot:5    | Reached skill level 15 in Armour
 63505 | Zot:5    | Noticed a Killer Klown
 63506 | Zot:5    | Got the Orb of Zot
 63516 | Zot:5    | Noticed an ancient lich
 63520 | Zot:5    | Killed a Killer Klown
 63524 | Zot:5    | Killed a Killer Klown
 63539 | Zot:5    | Killed a Killer Klown
 63718 | D:14     | Gained mutation: Your system is resistant to poisons.
                  | (rPois) [a cacodemon]
 63986 | D:$      | Escaped with the Orb!

Illustrated notes

Levels and vault maps discovered:
D:1:      dpeg_arrival_tiny_k, layout_loops_ring,
          dreamdust_ecumenical_altar_sealed_demon, serial_shops, shop
D:2:      layout_loops_ring, serial_bayou_lake_a
D:3:      layout_basic
D:4:      layout_gridville, gammafunk_temple_overflow_wave,
          ebering_ghost_reflecting_pool, chequers_serial_rivers_micro_e,
          uniq_natasha
D:5:      layout_loops_ring, kennysheep_generic_room_9, uniq_pikel
D:6:      layout_rooms, mainiacjoe_overflow_cross_hatched,
          cheibrodos_sewer_entry_bend
D:7:      layout_loops_cross, temple_pool_b, uniq_menkaure
D:8:      layout_basic, gammafunk_temple_overflow_statue, david_lair_shrubbed,
          enter_bailey_2, serial_shops, shop
D:9:      cheibrodos_histonic, layout_small_grid, serial_nicolae_subway,
          nicolae_sub_station_stone, nicolae_sub_station_metal,
          nicolae_sub_station_crystal
D:10:     layout_grid_maze, overflow_temple_1_default, fedhas_altar_fruit_tree,
          serial_rivers, chequers_serial_rivers_small_b,
          chequers_serial_rivers_micro_a, chequers_serial_rivers_micro_d,
          chequers_serial_rivers_small_b, nicolae_trove_entry_path_of_doom,
          serial_shops, shop, uniq_psyche
D:11:     layout_roguey, david_orc_2, uniq_snorg, uniq_harold, uniq_fannar
D:12:     minmay_recursive_quarters, layout_rooms, minmay_dual_archer_statues
D:13:     layout_rooms, kennysheep_cross_bottleneck
D:14:     layout_loops_ring, david_vaults_4, ebering_ghost_reflecting_pool,
          nicolae_dithmenos_shadow_blocks, okawaru_gym_becter
D:15:     grunt_enter_depths_hoard, layout_layer_cave
Lair:1:   layout_cave_pods, grunt_megastairs_4, uniq_nergalle
Lair:2:   minmay_lair_venomous_thicket, layout_concentric_octagons,
          infiniplex_staircase_pool, uniq_maggie
Lair:3:   layout_layer_cave, palyth_hydra_swamp_entry,
          guppyfry_snake_entry_garden, basic_altar, ebering_ghost_funeral_grove
Lair:4:   layout_layer_cave, dpeg_slime_entry_corner,
          nicolae_volcano_entry_batcave, minivault_24
Lair:5:   gammafunk_lair_ancient_temple, layout_gridlike
Swamp:1:  gammafunk_sealed_arena, layout_basic_swamp,
          portal_ice_cave_entry_frozen_things, serial_swamp_ruin,
          evilmike_swamp_ruin_house_1, hangedman_swamp_ruin_wall
Swamp:2:  layout_falls_marsh, nicolae_swamp_round_clearing, swamp_pool2,
          uniq_roxanne, uniq_frances
Swamp:3:  layout_falls_marsh, evilmike_swamp_ruin_house_4, swamp_pool4,
          nzn_swamp_stair_ambush, uniq_donald
Swamp:4:  grunt_swamp_rune_castle, layout_basic_swamp
Snake:1:  layout_onion_interference, drop_trap, st_stairs_11, grunt_megastairs_2
Snake:2:  layout_honeycomb, uniq_aizul
Snake:3:  nicolae_snake_unarmed_stairs_patrol, layout_onion,
          gammafunk_ghost_grave, minmay_shop_star, lemuel_fruit_tree
Snake:4:  grunt_snake_rune_serpentine_throne, layout_chambers, serial_shops,
          nicolae_shop_behind_doors, uniq_louise
Orc:1:    layout_caves, nicolae_orc_stony_grotto
Orc:2:    grunt_orc_community_town_hall, layout_caves,
          grunt_orc_community_big_house_2, grunt_orc_community_big_house_1,
          grunt_orc_community_house_1, grunt_orc_community_house_1,
          grunt_orc_community_house_2, grunt_orc_community_house_1,
          grunt_orc_community_house_2, basic_altar, uniq_rupert
Elf:1:    nicolae_elf_arrival_no_cutting_in_line, layout_geoelf_grid,
          ebering_ghost_disaster_area, minmay_elf_crystal_heptagon, drop_trap,
          minivault_15, minmay_misc_feat_alley, minivault_16
Elf:2:    nicolae_elf_blades_crystal_corner, layout_gridlike,
          nicolae_wooded_promenade, nicolae_elf_stair_hall,
          hangedman_glass_teeth
Elf:3:    minmay_elf_hall_spiked, layout_loops_corners
Vaults:1: v_misc_27, vaults_room_door_ring, hangedman_vaults_nodes,
          nicolae_vaults_tetromino_Z_1, nicolae_vaults_angled_halls,
          hangedman_vaults_unwind, vaults_dpeg_doors, vaults_dpeg_hooks,
          vaults_room_boxed, v_misc_15, nicolae_vaults_tetromino_T_1,
          hangedman_vaults_impose, vaults_room_hangedman_quadrants,
          layout_vaults_omnicross
Vaults:2: nicolae_vaults_cornered_office, vaults_room_fours,
          nicolae_vaults_two_Ls, nicolae_vaults_hallways_thing,
          nicolae_vaults_bisected_slash, blue_anna_dwarven_crypt,
          vaults_room_grunt_arrival_checkpoint, nicolae_vaults_border_crossing,
          nicolae_vaults_little_squares_4, nicolae_vaults_diagonal_hallway_8,
          nicolae_vaults_alarming, dpeg_vaults_monster_box, layout_vaults_ring,
          serial_shops, shop, shop_statue, nicolae_diamond_shop,
          nicolae_shop_back_alley_shop
Vaults:3: gammafunk_ghost_spectres, ontoclasm_vaults_pinch,
          nicolae_vaults_trapezoid_3, nicolae_vaults_tetromino_L_1,
          nicolae_vaults_know_your_exits, ontoclasm_vaults_claustrophobia,
          grunt_vaults_bifocal, nicolae_vaults_puzzle_piece,
          nicolae_vaults_shrinking_rooms_1, ontoclasm_vaults_ring_small,
          nicolae_vaults_turnstiles, nicolae_vaults_sightless_eye,
          hangedman_vaults_nails, layout_vaults_chaotic_city, serial_shops,
          bzr_entry_water, uniq_nikola, uniq_mara
Vaults:4: nicolae_vaults_tetromino_T_1, ontoclasm_vaults_eye,
          ontoclasm_vaults_chip, nicolae_vaults_spaceships,
          nicolae_vaults_diamond_2, grunt_vaults_funnel,
          nicolae_vaults_network_quinsquares
          [nicolae_vaults_network_quincunx_subvault,
          nicolae_vaults_network_quincunx_subvault,
          nicolae_vaults_network_quincunx_subvault,
          nicolae_vaults_network_quincunx_subvault], nicolae_vaults_gold_heap,
          v_misc_15, hangedman_vaults_stagger, nicolae_vaults_two_Ls,
          layout_vaults_maze_snakey
Vaults:5: serial_shops, uniq_xtahua
Depths:1: layout_honeycomb, enter_ziggurat_b, pf_vacation_house_of_asmodeus,
          serial_sigils_hangedman_carve, evilmike_ambush
          [evilmike_ambush_outer_doors, evilmike_ambush_inner_pond]
Depths:2: minmay_the_grid_square_5x5_5x5_mashed
          [minmay_the_grid_square_5x5_dogpile,
          minmay_the_grid_square_5x5_tetrominoes,
          minmay_the_grid_square_5x5_bite, minmay_the_grid_square_5x5_inner_v,
          minmay_the_grid_square_5x5_two_walls_a,
          minmay_the_grid_square_5x5_two_small,
          minmay_the_grid_square_5x5_prize_open,
          minmay_the_grid_square_5x5_gyroscope,
          minmay_the_grid_square_5x5_prize_deathbox,
          minmay_the_grid_square_5x5_one_wall,
          minmay_the_grid_square_5x5_spiral_small,
          minmay_the_grid_square_5x5_six,
          minmay_the_grid_square_5x5_prize_rear_guard,
          minmay_the_grid_square_5x5_almost_minimal,
          minmay_the_grid_square_5x5_fat_x, minmay_the_grid_square_5x5_empty,
          minmay_the_grid_square_5x5_prize_gold,
          minmay_the_grid_square_5x5_bridge,
          minmay_the_grid_square_5x5_prize_open,
          minmay_the_grid_square_5x5_n_small,
          minmay_the_grid_square_5x5_intrusive_squares,
          minmay_the_grid_square_5x5_inverted_slash,
          minmay_the_grid_square_5x5_bracketed,
          minmay_the_grid_square_5x5_slash, minmay_the_grid_square_5x5_plus],
          layout_cave_shapes, grunt_pan_entry_in_and_out, grunt_decor_arrowhead,
          grunt_hell_entry_dis_old, minmay_misc_feat_chi
Depths:3: nicolae_BIG_FREAKIN_CUBE, layout_twisted_cross,
          chequers_serial_rivers_micro_a, lightli_too_deep, abyss_entry,
          minmay_staircase_statues, uniq_vv
Depths:4: grunt_zot_entry_funnels, layout_cave_shapes,
          nicolae_abyss_entry_one_way_or_another, mu_enter_wizlab_6,
          serial_shops, shop, hellmouth_3, moated_statue,
          rand_demon_pan_entry_8, nicolae_blasting_shop
Zot:1:    layout_misc_corridors
Zot:2:    layout_gridville, bh_zot_lava_cross
Zot:3:    layout_onion, guppyfry_library_mini, grunt_megastairs_5
Zot:4:    layout_basic
Zot:5:    layout_basic

Skill      XL: |  1  2  3  4  5  6  7  8  9 10 11 12 13 14 15 16 17 18 19 20 21 22 23 24 |
---------------+-------------------------------------------------------------------------+-----
Unarmed Combat | 1 2 3 4 6 8 9 11 14 16 | 16.0
Fighting       | 1 2 3 5 6 7 9 10 12 13 14 16 17 18 | 18.0
Stealth        | 2 |  2.0
Throwing       | 4 6 9 11 12 14 17 18 20 21 23 | 23.8
Evocations     | 2 4 5 7 |  7.0
Armour         | 4 5 8 10 12 14 15 | 15.1
Dodging        | 4 5 6 9 10 | 10.0
Shields        | 4 9 10 12 13 | 13.6
Spellcasting   | |  1.2
Ice Magic      | |  2.9

Action                     |  1- 3 |  4- 6 |  7- 9 | 10-12 | 13-15 | 16-18 | 19-21 | 22-24 || total
---------------------------+-------+-------+-------+-------+-------+-------+-------+-------++-------
  Melee: Unarmed           |   107 |   135 |   304 |   598 |  1044 |  1265 |  1620 |   863 ||  5936
         Punch             |     2 |     1 |    13 |    38 |    72 |       |       |       ||   126
         Broad axe         |       |       |       |       |       |       |       |     1 ||     1
  Throw: Boomerang         |       |     2 |    10 |    51 |    73 |   687 |   231 |    53 ||  1107
         Large rock        |       |       |       |       |     4 |    36 |    73 |   651 ||   764
         Javelin           |       |       |       |       |     4 |       |    10 |     1 ||    15
   Cast: Freeze            |     1 |       |       |       |       |       |       |       ||     1
         Ozocubu's Armour  |       |     9 |    39 |    11 |       |       |       |       ||    59
         Frozen Ramparts   |       |       |    20 |     4 |       |       |       |       ||    24
 Invoke: Call Merchant     |       |       |       |       |       |     2 |       |       ||     2
         Bribe Branch      |       |       |       |       |       |       |       |     3 ||     3
Ability: Evoke Invisibilit |       |       |       |       |     1 |       |       |       ||     1
         Evoke Blink       |       |       |       |       |       |       |       |     6 ||     6
  Evoke: Wand              |       |       |     9 |     5 |       |    16 |    13 |     5 ||    48
         Lightning rod     |       |       |       |       |       |    17 |    11 |     4 ||    32
         Phial of floods   |       |       |       |       |       |     3 |     2 |       ||     5
         Box of beasts     |       |       |       |       |       |       |     2 |       ||     2
    Use: Scroll            |     6 |     7 |     6 |    14 |    10 |    14 |    18 |    15 ||    90
         Potion            |       |       |     2 |     1 |     2 |    13 |     3 |    15 ||    36
   Stab: Sleeping          |     5 |     2 |     1 |     6 |    12 |     5 |     6 |       ||    37
         Distracted        |       |       |     2 |     3 |     4 |     9 |    10 |     9 ||    37
         Paralysed         |       |       |       |     2 |       |     1 |     2 |       ||     5
         Invisible         |       |       |       |       |     5 |       |       |     1 ||     6
         Confused          |       |       |       |       |       |     3 |       |       ||     3
         Fleeing           |       |       |       |       |       |       |     1 |       ||     1
 Armour: Robe              |    58 |    88 |   211 |    75 |       |       |       |       ||   432
         Pearl dragon scal |       |       |       |   434 |  1027 |   964 |  1068 |   756 ||  4249
         Skin              |       |       |       |       |       |     7 |       |       ||     7
  Dodge: Dodged            |    29 |    53 |   119 |   271 |   396 |   283 |   347 |   289 ||  1787
  Block: Tower shield      |       |       |       |       |   149 |  1118 |  1375 |   818 ||  3460

Table legend: (Time is in decaauts)
 A = Elapsed time spent in this place.
 B = Non-inter-level travel time spent in this place.
 C = Inter-level travel time spent in this place.
 D = Time resting spent in this place.
 E = Time spent auto-exploring this place.
 F = Levels seen in this place.
 G = Mean time per level.
                   A        B        C        D        E       F      G
               +--------+--------+--------+--------+--------+-----+--------+
         Total |  63309 |  59072 |   4237 |   9670 |  34225 |  52 | 1217.5 |
       Dungeon |  17363 |  15267 |   2096 |   1402 |  10710 |  15 | 1157.5 |
          Lair |   6097 |   5570 |    527 |    233 |   4039 |   5 | 1219.4 |
         Swamp |   5362 |   5223 |    139 |   2231 |   1814 |   4 | 1340.5 |
     Snake Pit |   6233 |   6082 |    151 |    754 |   3601 |   4 | 1558.2 |
  Orcish Mines |   1596 |   1494 |    102 |      0 |    928 |   2 |  798.0 |
   Elven Halls |   6914 |   6514 |    400 |   2672 |   2512 |   3 | 2304.7 |
        Vaults |   8594 |   8148 |    446 |    746 |   5043 |   5 | 1718.8 |
        Depths |   5584 |   5276 |    308 |    308 |   3361 |   4 | 1396.0 |
           Zot |   1963 |   1899 |     64 |    745 |    655 |   5 |  392.6 |
        Bazaar |     94 |     94 |      0 |      0 |     61 |   1 |   94.0 |
         Sewer |    612 |    612 |      0 |      0 |    343 |   1 |  612.0 |
        Bailey |    270 |    270 |      0 |     18 |      0 |   1 |  270.0 |
      Ice Cave |   1330 |   1330 |      0 |    391 |    417 |   1 | 1330.0 |
        Wizlab |   1290 |   1290 |      0 |    165 |    741 |   1 | 1290.0 |
               +--------+--------+--------+--------+--------+-----+--------+

Top non-repeatable levels by time:
   Elf:3: 4439 daAuts
 Snake:4: 2797 daAuts
Depths:2: 2352 daAuts
Vaults:3: 2219 daAuts
 Swamp:4: 2167 daAuts
Vaults:2: 1796 daAuts
     D:4: 1716 daAuts
     D:7: 1671 daAuts
  Lair:3: 1589 daAuts
     D:5: 1587 daAuts
Vaults:1: 1586 daAuts
Vaults:4: 1576 daAuts
    D:15: 1507 daAuts
   Elf:1: 1503 daAuts
Vaults:5: 1415 daAuts
